Map: Kairos Junction LE

Players

Mesrob

  • Race: Terran Terran
  • League: Gold
  • Spawn Location: 11:00

THORAX - Winner!

  • Race: Terran Terran
  • League: Silver
  • Spawn Location: 5:00

VOD

Have the link to the VOD?

Description

Time

  • Played on: Jan. 11, 2019, 1:38 p.m.
  • Length: 21:03
Show
View Real Time Build Order
Export as new Build Order

Mesrob Terran 

Build Orders: Mech 

Get SALT Encoding   

  12  0:00  SCV  
  13  0:12  SCV  
  14  0:16  Supply Depot  
  14  0:24  SCV  
  15  0:38  SCV  
  15  0:39  Barracks  
  16  0:46  Refinery  
  16  0:54  SCV  
  17  1:06  SCV  
  18  1:18  SCV  
  19  1:35  Command Center  
  19  1:37  Orbital Command  
  19  1:41  Marine  
  20  1:55  Bunker  
  20  2:14  Barracks Tech Lab  
  20  2:15  Factory  
  20  2:25  Supply Depot  
  20  2:28  SCV  
  21  2:40  SCV  
  22  2:56  Orbital Command  
  22  3:06  Siege Tank  
  22  3:07  Supply Depot  
  25  3:15  SCV  
  26  3:21  Refinery  
  26  3:27  SCV  
  27  4:14  Siege Tank  
  30  4:17  Command Center  
  30  4:19  Marine  
  31  4:31  SCV x2  
  33  4:39  Refinery  
  33  4:43  Marine  
  34  4:46  Siege Tank  
  37  5:00  Engineering Bay  
  37  5:01  Marine  
  37  5:03  Refinery  
  37  5:05  SCV x2  
  40  5:18  Cyclone  
  43  5:28  Factory  
  43  5:31  Factory  
  43  5:38  Armory  
  43  5:52  SCV x2  
  44  6:50  Sensor Tower  
  42  7:23  Missile Turret  
  42  7:31  Factory Tech Lab  
  42  7:32  Factory Reactor  
  42  7:33  Thor  
  48  7:37  SCV x2  
  50  7:49  SCV x2  
  52  8:15  Thor  
  58  8:39  Thor  
  68  8:41  Hellion, Hellbat  
  68  8:53  Engineering Bay  
  68  8:59  SCV  
  69  9:09  Supply Depot  
  69  9:20  Engineering Bay  
  69  9:23  SCV x2  
  68  9:33  Supply Depot  
  68  9:36  Thor  
  68  9:37  Hellbat, Command Center  
  76  9:42  Hellbat  
  76  9:43  Thor  
  83  9:55  Supply Depot  
  83  9:58  SCV x3  
  83  9:59  Hellbat  
  88  10:03  Hellion  
  88  10:06  Refinery  
  88  10:10  SCV x3  
  91  10:18  Supply Depot  
  91  10:19  Thor  
  97  10:22  SCV  
  97  10:23  SCV x2  
  100  10:30  Refinery  
  100  10:34  SCV  
  100  10:35  SCV x2  
  103  10:41  Supply Depot  
  103  10:46  SCV  
  103  10:47  SCV  
  103  10:49  SCV x2  
  107  10:58  SCV  
  107  11:03  Supply Depot  
  106  11:21  Thor x2  
  106  11:23  Hellbat x2  
  122  11:34  Starport  
  122  11:44  Starport  
  122  11:45  Hellbat x2  
  126  11:55  Supply Depot  
  126  12:04  Thor x2  
  126  12:07  SCV  
  139  12:08  SCV  
  139  12:09  SCV  
  139  12:10  Planetary Fortress, Starport  
  141  12:17  Refinery, Supply Depot  
  141  12:21  Starport  
  141  12:24  Terran Vehicle Weapons Level 1  
  141  12:28  Hellbat  
  141  12:29  Hellbat  
  145  12:35  Starport Tech Lab x2  
  145  12:40  Fusion Core  
  145  12:41  Supply Depot  
  145  12:43  Refinery  
  145  12:47  Thor x2  
  145  12:50  Starport, Hellbat  
  146  13:03  Starport  
  146  13:04  Supply Depot  
  140  13:12  Viking x2  
  120  13:27  Supply Depot  
  120  13:28  Viking x2  
  120  13:30  Thor  
  120  13:31  Thor  
  104  13:49  Supply Depot  
  89  14:11  Supply Depot  
  89  14:18  Terran Vehicle And Ship Armor Level 1  
  82  14:31  SCV x4  
  83  14:35  Supply Depot  
  83  14:38  Starport Tech Lab x2  
  86  14:43  SCV x2  
  88  15:00  Supply Depot, SCV x4  
  92  15:12  SCV x2  
  92  15:13  Starport Tech Lab, SCV x2  
  96  15:15  Starport Tech Lab  
  96  15:19  Viking  
  98  15:22  Supply Depot  
  98  15:24  SCV  
  98  15:25  SCV x3  
  95  15:36  SCV  
  95  15:37  SCV x2  
  79  16:06  Viking x4  
  87  16:13  Terran Ship Weapons Level 1  
  82  16:48  Fusion Core  
  80  16:59  SCV  
  80  17:00  SCV x2  
  83  17:10  Thor x2  
  83  17:11  SCV  
  83  17:12  Hellbat x2, SCV  
  100  17:39  Battlecruiser  
  105  18:23  SCV x2  
  107  18:33  Thor x2  
  110  19:00  Battlecruiser x2  
  122  19:13  Battlecruiser  
  127  20:04  Viking x2  
  44  20:46  Command Center  
Show
View Real Time Build Order
Export as new Build Order

THORAX Terran - Winner!

Build Orders: Command Center First (CC) 

Get SALT Encoding   

  12  0:03  SCV  
  13  0:15  SCV  
  14  0:24  Supply Depot  
  14  0:27  SCV  
  15  0:46  SCV  
  16  0:58  SCV  
  17  1:10  SCV  
  18  1:14  Command Center  
  18  1:22  SCV  
  19  1:34  SCV  
  20  1:45  Barracks  
  20  1:56  Barracks  
  20  2:04  Supply Depot  
  20  2:27  Supply Depot  
  20  2:33  SCV  
  21  2:37  Marine  
  21  2:43  SCV  
  21  2:44  Barracks  
  23  2:45  SCV  
  24  2:55  Marine  
  24  2:56  SCV  
  26  3:00  Refinery  
  26  3:05  Barracks  
  26  3:08  SCV  
  26  3:11  Marine  
  28  3:13  Marine  
  29  3:20  SCV  
  29  3:22  Refinery  
  30  3:29  Marine  
  30  3:32  SCV  
  32  3:44  SCV  
  31  3:56  SCV  
  32  4:08  SCV, Bunker  
  33  4:16  Marine  
  34  4:20  SCV  
  34  4:22  Refinery  
  35  4:24  Orbital Command  
  35  4:25  Refinery  
  35  4:31  Engineering Bay  
  35  4:32  SCV, Bunker  
  35  4:33  Marine  
  35  4:38  Marine  
  38  4:44  SCV  
  39  4:51  Marine  
  40  4:55  Marine  
  40  4:57  SCV  
  40  4:58  Factory  
  42  5:05  Bunker  
  42  5:09  Marine, SCV  
  42  5:13  Marine  
  45  5:15  Command Center  
  45  5:21  SCV  
  46  5:27  Marine  
  47  5:29  Missile Turret  
  47  5:31  Marine  
  47  5:33  SCV  
  49  5:45  Marine, Factory Tech Lab, SCV  
  51  5:52  Starport  
  51  5:57  SCV  
  51  6:03  Marine  
  53  6:06  Missile Turret  
  53  6:09  SCV  
  54  6:27  Marine, SCV  
  54  6:29  Siege Tank  
  59  6:32  Starport Tech Lab  
  59  6:39  SCV, Armory  
  60  6:44  Marine  
  61  6:51  SCV  
  62  6:59  Factory  
  62  7:00  Cloaking Field  
  62  7:01  Siege Tank  
  65  7:02  Starport  
  65  7:18  Refinery, SCV  
  64  7:30  SCV  
  64  7:33  Siege Tank  
  64  7:34  Missile Turret  
  64  7:36  Missile Turret  
  68  7:39  SCV  
  69  7:44  Command Center  
  69  7:50  Starport Tech Lab  
  69  7:51  Terran Ship Weapons Level 1  
  69  7:53  Factory Reactor  
  69  7:59  Supply Depot, SCV  
  69  8:00  SCV  
  69  8:02  Supply Depot  
  69  8:07  Fusion Core  
  69  8:08  Missile Turret  
  69  8:09  Hi-Sec Auto Tracking  
  69  8:14  Weapon Refit  
  69  8:21  SCV x2  
  69  8:25  Missile Turret, Thor  
  77  8:33  SCV  
  78  8:42  Planetary Fortress  
  76  8:57  Refinery  
  76  8:58  SCV  
  76  8:59  Refinery  
  77  9:06  Neosteel Armor, Battlecruiser  
  83  9:10  SCV  
  84  9:22  SCV  
  85  9:30  Missile Turret  
  85  9:33  Command Center  
  85  9:34  SCV  
  86  9:41  Supply Depot  
  86  9:43  Widow Mine x2  
  86  9:45  Missile Turret  
  90  9:46  SCV  
  91  9:59  Terran Vehicle And Ship Armor Level 1  
  91  10:00  Missile Turret  
  91  10:04  Widow Mine x2  
  95  10:07  Starport  
  93  10:43  Widow Mine  
  93  10:49  Planetary Fortress  
  93  11:01  Bunker  
  93  11:02  Starport Tech Lab  
  93  11:08  Battlecruiser  
  99  11:19  Battlecruiser  
  105  11:35  SCV  
  105  11:39  Refinery  
  106  11:43  Refinery  
  106  11:46  Marine  
  107  11:47  SCV  
  108  12:11  Supply Depot  
  108  12:12  Supply Depot  
  108  12:16  Marine, Siege Tank, SCV  
  113  12:24  Supply Depot  
  113  12:26  Battlecruiser  
  113  12:28  SCV  
  120  12:32  Terran Vehicle And Ship Armor Level 2  
  120  12:33  Marine  
  121  12:40  SCV  
  122  12:48  Siege Tank  
  125  12:52  SCV  
  126  13:02  Missile Turret  
  126  13:04  SCV  
  127  13:16  SCV  
  128  13:29  SCV  
  129  13:39  Battlecruiser  
  129  13:43  Battlecruiser  
  111  14:25  Mag-Field Accelerator  
  111  14:29  Battlecruiser  
  111  14:35  Hellion x2  
  115  14:41  Cyclone  
  115  14:43  Battlecruiser  
  124  14:48  Battlecruiser  
  130  14:56  Hellion x2  
  130  14:58  SCV  
  135  15:07  Refinery  
  135  15:09  Refinery  
  135  15:10  SCV  
  136  15:18  Hellion x2  
  140  15:22  SCV  
  141  15:33  Battlecruiser  
  141  15:34  SCV  
  136  15:47  SCV, Battlecruiser  
  136  15:48  Command Center  
  132  16:07  Cyclone  
  132  16:09  Hellion  
  132  16:10  Hellion  
  139  16:14  Supply Depot  
  139  16:17  Supply Depot  
  145  16:18  Battlecruiser  
  145  16:21  Supply Depot  
  135  16:31  Hellion x2  
  139  16:38  Battlecruiser  
  139  16:39  Cyclone  
  148  16:52  Hellion x2  
  146  17:10  Bunker  
  146  17:11  Cyclone  
  146  17:12  Marine  
  146  17:15  Terran Vehicle And Ship Armor Level 3  
  150  17:18  Widow Mine x2  
  143  17:30  Marine  
  143  17:32  Battlecruiser  
  143  17:33  Battlecruiser  
  156  17:39  Widow Mine  
  156  17:42  Battlecruiser  
  156  17:43  Cyclone  
  167  17:48  Marine  
  168  17:53  Supply Depot  
  162  18:06  Marine  
  162  18:10  Planetary Fortress  
  158  18:15  Cyclone  
  158  18:17  Refinery  
  161  18:24  Marine  
  154  18:56  Planetary Fortress  
  148  19:10  Command Center  
  148  19:16  Cyclone  
  151  19:20  Hellion x2  
  155  19:41  Hellion x2  
  155  19:42  Raven  
  155  19:46  Battlecruiser  
  155  19:47  Battlecruiser  
  155  19:48  Cyclone  
  159  20:06  Supply Depot  
  136  20:20  Cyclone  
Tags
 
Composition
Mech
Matchup
TvT
Race
Terran
Replay Pack
sc2 replays
Spawn Locations
Cross Positions
Add a new tag
Caveats
  • Supply blocks, unpowered buildings, or Contaminate may cause inaccurate times.
  • Supply counts are checked every 10 seconds.